 Dungeon Crawl Stone Soup version 0.32-a0-314-g526f7d4993 (webtiles) character file.

Game seed: 7577749344228902799

4191 Bravepunisher the Fighter (level 10, -13/59 HPs)
             Began as a Spriggan Berserker on Feb 15, 2024.
             Was a Priest of Trog.
             Mangled by an ice devil (22 damage)
             ... summoned by an orc high priest
             ... in a bailey.
             The game lasted 00:18:36 (7027 turns).

Bravepunisher the Fighter (Spriggan Berserker)      Turns: 7027, Time: 00:18:37

Health: -13/59     AC:  3    Str: 17    XL:     10   Next: 8%
Magic:  11/11      EV: 19    Int: 11    God:    Trog [***...]
Gold:   251        SH:  0    Dex: 19    Spells: 9/9 levels left

rFire   . . .        n - +7 morningstar of Butchery {heavy, rElec rCorr Int+3 Dex+3}
rCold   . . .        (no shield)
rNeg    . . .        b - +0 animal skin
rPois   .            (helmet restricted)
rElec   +            w - +0 cloak
rCorr   +            (gloves unavailable)
SInv    +            (boots unavailable)
Will    +....        (no amulet)
Stlth   ++           (no ring)
HPRegen 0.29/turn    (no ring)
MPRegen 0.12/turn

%: no passive effects
@: on berserk cooldown, slowed, invisible, quick
A: very small, no large weapons, unfitting armour, see invisible, speed 3
a: Renounce Religion, Berserk, Trog's Hand


You were in a bailey.
You worshipped Trog.
Trog was most pleased with you.
You visited 2 branches of the dungeon, and saw 8 of its levels.
You also visited: Bailey.

You collected 251 gold pieces.

Inventory:

Hand Weapons
 n - the +7 morningstar of Butchery (weapon) {heavy, rElec rCorr Int+3 Dex+3}
   (You took it off an orc on level 6 of the Dungeon)

   Int+3:     It affects your intelligence (+3).
   Dex+3:     It affects your dexterity (+3).
   rElec:     It insulates you from electricity.
   rCorr:     It protects you from acid and corrosion.
Armour
 b - a +0 animal skin (worn)
 w - a +0 cloak (worn)
Jewellery
 y - a ring of flight
 z - a +4 ring of protection
Wands
 t - a wand of flame (6)
Scrolls
 d - 9 scrolls of identify {unknown}
 e - 3 scrolls of fog {unknown}
 f - 2 scrolls of blinking {unknown}
 h - 6 scrolls of enchant weapon {unknown}
 i - a scroll of fear {unknown}
 j - a scroll of poison {unknown}
 k - a scroll of enchant armour {unknown}
 o - a scroll of revelation {unknown}
 q - a scroll of teleportation {unknown}
 r - 4 scrolls of vulnerability {unknown}
 s - 2 scrolls of silence {unknown}
 u - a scroll of amnesia {unknown}
 v - 2 scrolls of noise {unknown}
Potions
 a - a potion of heal wounds {unknown}
 c - 2 potions of curing
 g - a potion of invisibility
 l - 3 potions of lignification {unknown}
 m - a potion of mutation {unknown}
 p - 2 potions of berserk rage {unknown}
 x - a potion of resistance {unknown}
 A - a potion of attraction {unknown}
 B - a potion of might {unknown}


   Skills:
 * Level 10.1 Fighting
 + Level 5.6 Maces & Flails
 + Level 4.2 Armour
 - Level 4.0 Dodging


You had 9 spell levels left.
You didn't know any spells.
Your spell library was empty.

Dungeon Overview and Level Annotations

Branches:
Dungeon (7/15)             Temple (1/1) D:7          Bailey (1/1)

Altars:
Ashenzari
Cheibriados
Dithmenos
Elyvilon
Fedhas
Gozag
Hepliaklqana
Kikubaaqudgha
Makhleb
Nemelex Xobeh
Okawaru
Qazlal
Ru
Sif Muna
Trog
Uskayaw
Vehumet
Wu Jian
Xom
Yredelemnul
Zin
The Shining One


Innate Abilities, Weirdness & Mutations

You are very small and have problems with some larger weapons.
You are too small for most types of armour.
You have supernaturally acute eyesight. (SInv)
You cover ground extremely quickly. (Speed+++)


Message History

Trog accepts your kill.
The orc high priest mumbles some strange prayers.
The orc high priest prays to Beogh.
The smoke demon gestures at you.
The ball of steam hits the red devil.
The red devil resists.
The ball of steam hits you!!
You thump the red devil!
The red devil is heavily wounded.
You are engulfed in a cloud of scalding steam.
The red devil misses you.
Unknown command.
You miss the red devil.
The red devil is heavily wounded.
You are engulfed in a cloud of scalding steam.
You are no longer berserk.
You are exhausted.
You feel yourself slow down.
The orc high priest is engulfed in a cloud of scalding steam.
The red devil hits you with a +0 trident!!
* * * LOW HITPOINT WARNING * * *
Barbed spikes become lodged in your body.
Unknown command.
You feel better.
You are engulfed in a cloud of scalding steam.
* * * LOW HITPOINT WARNING * * *
The red devil closely misses you.
You feel better.
The ice devil hits you but does no damage.
You feel better.
The orc high priest invokes the aid of Beogh against you.
Beogh smites you!
* * * LOW HITPOINT WARNING * * *
The ice devil misses you.
Okay, then.
Unknown command.
You fade into invisibility!
You carefully extract the barbed spikes from your body.
The ice devil hits you.
* * * LOW HITPOINT WARNING * * *
The ice devil freezes you!!
You die...

≈# #+#≈≈≈≈≈# ≈# ..#≈≈≈≈≈# ≈#
..#≈≈≈≈≈# ≈### ######.#≈≈≈≈≈#
≈~.# # .'[[#.~≈≈≈≈≈# ≈~.# #.
#[[#.~≈≈≈≈≈# ≈~.#++#####..
#..#.~≈≈≈≈≈# ≈~.#.....##...
#########.~≈≈≈≈≈#
...+)....##...o#@.ß.ß..#.~≈≈≈≈≈#
...+))⌠..##.._44).......∩~≈≈≈≈≈#
...+.....##...3#..ß.ß..#.~≈≈≈≈≈#
≈~.#.....##....#########.~≈≈≈≈≈#
≈~.#''#####... #..#.~≈≈≈≈≈#
≈~.#....).#... #))#.~≈≈≈≈≈#
≈~.#....).#.. +))#.~≈≈≈≈≈#
≈######)..##############.#≈≈≈≈≈#
≈# #.ß.ß.ß.')....#)...#≈≈≈≈≈#


You could see an ice devil (summoned, unable to see you), a smoke demon
(summoned, unable to see you) and a red devil (summoned, unable to see you).

Vanquished Creatures
  A cyclops (D:6)
  A kobold demonologist (Bailey)
  A komodo dragon (D:6)
  Prince Ribbit (D:5)
  Sigmund (D:5)
  7 orc warriors
  6 ice beasts
  A sky beast (D:6)
  2 ogres
  A centaur (D:7)
  2 phantoms
  A bullfrog (D:7)
  A kobold brigand (D:6)
  4 scorpions
  An electric eel (Bailey)
  2 howler monkeys (D:6)
  4 bombardier beetles
  2 jellies
  A hound (D:6)
  2 orc priests
  3 iguanas
  5 orc wizards
  Robin (D:3)
  6 gnolls
  4 adders
  A shadow imp (D:5)
  4 dart slugs
  2 ribbon worms
  15 orcs
  2 ball pythons
  7 endoplasms
  2 giant cockroaches
  19 goblins
  12 hobgoblins
  2 jackals (D:2)
  2 quokkas
  8 bats
  3 frilled lizards (D:1)
  15 kobolds
  7 rats
162 creatures vanquished.

Vanquished Creatures (others)
  2 hobgoblins (Bailey)
2 creatures vanquished.

Grand Total: 164 creatures vanquished

Notes
Turn   | Place    | Note
-------+----------+-------------------------------------------
     0 | D:1      | Bravepunisher the Spriggan Berserker began the quest for
                  | the Orb.
     0 | D:1      | Reached XP level 1. HP: 11/11 MP: 2/2
   310 | D:1      | Reached XP level 2. HP: 16/16 MP: 3/3
   317 | D:1      | Found a faded altar of an unknown god.
   415 | D:1      | Reached skill level 3 in Fighting
   570 | D:1      | Reached XP level 3. HP: 13/20 MP: 4/4
  1095 | D:2      | Reached ** piety under Trog
  1162 | D:2      | Reached XP level 4. HP: 24/25 MP: 5/5
  1546 | D:2      | Noticed a scorpion
  1552 | D:2      | Killed a scorpion
  1553 | D:2      | Reached skill level 4 in Fighting
  1553 | D:2      | Reached XP level 5. HP: 29/29 MP: 6/6
  1721 | D:3      | Noticed Robin
  1740 | D:3      | Killed Robin
  2080 | D:3      | Found a glowing silver altar of Zin.
  2276 | D:3      | Found a burning altar of Makhleb.
  3190 | D:4      | Reached XP level 6. HP: 35/35 MP: 7/7
  3386 | D:5      | Entered Level 5 of the Dungeon
  3411 | D:5      | Reached skill level 5 in Fighting
  3562 | D:5      | Noticed an ice beast
  3569 | D:5      | Killed an ice beast
  3726 | D:5      | Identified the +1 quarterstaff "Giant's Toothpick" {drain,
                  | rN+ Str+2 Stlth-}
  3741 | D:5      | Reached XP level 7. HP: 39/39 MP: 8/8
  3885 | D:5      | Noticed Sigmund
  3922 | D:5      | Killed Sigmund
  3923 | D:5      | Reached skill level 6 in Fighting
  4227 | D:5      | Noticed Prince Ribbit
  4256 | D:5      | Killed Prince Ribbit
  4463 | D:5      | Reached XP level 8. HP: 45/45 MP: 9/9
  4522 | D:5      | Reached *** piety under Trog
  4798 | D:6      | Reached skill level 7 in Fighting
  4957 | D:6      | Reached skill level 5 in Maces & Flails
  5154 | D:6      | Found an iron altar of Okawaru.
  5239 | D:6      | Identified the +7 morningstar of Butchery {heavy, rElec
                  | rCorr Int+3 Dex+3}
  5260 | D:6      | Reached skill level 1 in Armour
  5339 | D:6      | Reached skill level 8 in Fighting
  5438 | D:6      | Noticed a komodo dragon
  5442 | D:6      | Killed a komodo dragon
  5443 | D:6      | Reached XP level 9. HP: 52/52 MP: 10/10
  5646 | D:6      | Noticed a cyclops
  5655 | D:6      | Killed a cyclops
  5656 | D:6      | Reached skill level 9 in Fighting
  6217 | D:7      | Found a sacrificial altar of Ru.
  6367 | D:7      | Found a staircase to the Ecumenical Temple.
  6376 | Temple   | Entered the Ecumenical Temple
  6555 | D:7      | Found a flagged portal.
  6567 | Bailey   | Entered a bailey
  6844 | Bailey   | Noticed a kobold demonologist
  6851 | Bailey   | Killed a kobold demonologist
  6852 | Bailey   | Reached skill level 10 in Fighting
  6852 | Bailey   | Reached XP level 10. HP: 34/59 MP: 11/11
  7003 | Bailey   | Found the +0 toga "Victory" {*Victory Clar}
  7010 | Bailey   | Found an iron altar of Okawaru.
  7013 | Bailey   | Noticed an orc high priest
  7020 | Bailey   | Noticed a smoke demon
  7027 | Bailey   | Mangled by an ice devil

Illustrated notes

Levels and vault maps discovered:
D:1:      kilobyte_arrival_exit_the_forest, layout_basic,
          basic_ecumenical_altar, minmay_hexomino_p4
D:2:      layout_basic
D:3:      layout_basic, lemuel_tele_altar, zin_statuary, uniq_robin
D:4:      layout_basic, roderic_filled_cross, minivault_23
D:5:      layout_loops_cross, uniq_sigmund, uniq_prince_ribbit1,
          uniq_crazy_yiuf_cottage
D:6:      layout_rooms, okawaru_altar_gauntlet_db, hangedman_minor_gate_pass
D:7:      layout_loops_ring, kennysheep_little_box, minmay_temple_entry_waves,
          enter_bailey_4
Temple:   regret_index_temple_chain_breaker
Bailey:   bailey_axe_of_yendor_kennysheep, bailey

Skill      XL: |  1  2  3  4  5  6  7  8  9 |
---------------+----------------------------+-----
Fighting       | 3 4 5 6 8 10 | 10.1
Maces & Flails | 3 4 5 |  5.6
Armour         | 2 4 |  4.2
Dodging        | |  4.0

Action                     |  1- 3 |  4- 6 |  7- 9 | 10-12 || total
---------------------------+-------+-------+-------+-------++-------
  Melee: Mace              |   100 |     7 |       |       ||   107
         Whip              |       |   137 |   126 |       ||   263
         Quarterstaff      |       |       |    35 |       ||    35
         Morningstar       |       |       |   109 |    10 ||   119
  Throw: Throwing net      |       |     1 |       |       ||     1
 Invoke: Berserk           |       |     2 |     9 |     1 ||    12
         Trog's Hand       |       |       |     2 |       ||     2
  Evoke: Wand              |       |       |    26 |       ||    26
    Use: Potion            |       |       |     2 |     4 ||     6
   Stab: Sleeping          |     2 |     1 |     1 |       ||     4
         Invisible         |       |       |     1 |       ||     1
 Armour: Animal skin       |    33 |    31 |   131 |     9 ||   204
  Dodge: Dodged            |   104 |    93 |   273 |     5 ||   475

Table legend: (Time is in decaauts)
 A = Elapsed time spent in this place.
 B = Non-inter-level travel time spent in this place.
 C = Inter-level travel time spent in this place.
 D = Time resting spent in this place.
 E = Time spent auto-exploring this place.
 F = Levels seen in this place.
 G = Mean time per level.
                   A        B        C        D        E       F      G
               +--------+--------+--------+--------+--------+-----+--------+
         Total |   5434 |   5254 |    180 |    405 |   3688 |   9 |  603.8 |
       Dungeon |   4961 |   4781 |    180 |     66 |   3667 |   7 |  708.7 |
        Temple |      1 |      1 |      0 |      0 |      0 |   1 |    1.0 |
        Bailey |    471 |    471 |      0 |    339 |     20 |   1 |  471.0 |
               +--------+--------+--------+--------+--------+-----+--------+

Top non-repeatable levels by time:
     D:5: 1124 daAuts
     D:6: 987 daAuts
     D:1: 631 daAuts
     D:3: 628 daAuts
     D:2: 561 daAuts
     D:7: 559 daAuts
  Bailey: 471 daAuts
     D:4: 469 daAuts
  Temple: 1 daAuts
